 Dungeon Crawl Stone Soup version 0.19.0-2-gae57169 (webtiles) character file.

5352 sleepydude the Fighter (level 10, -26/66 HPs)
             Began as a Gargoyle Fighter on Nov 5, 2016.
             Was a Priest of Okawaru.
             Annihilated by a hill giant
             ... wielding a +0 giant club
              (36 damage)
             ... on level 8 of the Dungeon.
             The game lasted 00:23:07 (9440 turns).

sleepydude the Fighter (Gargoyle Fighter)           Turns: 9440, Time: 00:23:08

Health: -26/66     AC: 22    Str: 27    XL:     10   Next: 65%
Magic:  10/10      EV: 13    Int: 10    God:    Okawaru [***...]
Gold:   474        SH: 19    Dex:  9    Spells: 0 memorised, 9 levels left

rFire  + . .     SeeInvis .     v - +4 mace
rCold  . . .     Gourm    +     T - quicksilver dragon scales
rNeg   + . .     Faith    .     a - +1 large shield
rPois  ∞         Spirit   .     (no helmet)
rElec  +         Reflect  .     l - +0 cloak
rCorr  .         Harm     .     (no gloves)
MR     +....                    z - +0 pair of boots
Stlth  ..........               H - amulet of the gourmand
                                L - +6 ring of evasion
                                k - ring of protection from fire

@: mighty
A: negative energy resistance 1, electricity resistance, unbreathing,
petrification resistance, rot immunity, AC +7
a: Heroism, Renounce Religion


You were on level 8 of the Dungeon.
You worshipped Okawaru.
Okawaru was most pleased with you.
You were very full.

You visited 2 branches of the dungeon, and saw 11 of its levels.
You also visited: Sewer and Ossuary.

You collected 474 gold pieces.

Inventory:

Hand Weapons
 v - a +4 mace (weapon)
Armour
 a - a +1 large shield (worn)
 l - a +0 cloak (worn)
 x - a +0 chain mail
 z - a +0 pair of boots (worn)
 I - the +1 ring mail of the Depths {+Inv rF- Dex+6 Stlth+}
   (You found it on level 7 of the Dungeon)

   It affects your dexterity (+6).
   It makes you vulnerable to fire.
   It lets you turn invisible.
   It makes you more stealthy.
 T - quicksilver dragon scales (worn)
Jewellery
 k - a ring of protection from fire (left hand)
 o - an uncursed ring of positive energy
 u - an uncursed ring of see invisible
 H - an amulet of the gourmand (around neck)
 L - a +6 ring of evasion (right hand)
Wands
 c - a wand of teleportation (1/9)
 m - a wand of confusion (28/48)
 r - a wand of lightning (15/15)
 R - a wand of flame (32/48)
Scrolls
 g - 4 scrolls of teleportation
 i - 3 scrolls of fear
 j - 4 scrolls of enchant armour
 q - a scroll of random uselessness {unknown}
 w - a scroll of recharging
 y - a scroll of magic mapping
 B - a scroll of fog
 C - 8 scrolls of identify {@r1}
 D - a scroll of acquirement {unknown}
 K - a scroll of amnesia
 O - a scroll of enchant weapon
 P - a scroll of silence {unknown}
Potions
 d - a potion of might
 h - 3 potions of cure mutation
 n - 2 potions of ambrosia
 p - 4 potions of curing {@q1}
 s - 3 potions of degeneration {unknown}
 t - 5 potions of heal wounds {unknown}
 A - 7 potions of magic {unknown}
 G - 3 potions of flight {unknown}
 J - a potion of haste {unknown}
 M - 2 potions of resistance {unknown}
 N - a potion of cancellation {unknown}
 Q - a potion of lignification {unknown}
Books
 b - a book of Necromancy

   Spells                             Type                      Level
   a - Pain                           Necromancy                   1
   b - Animate Skeleton               Necromancy                   1
   c - Vampiric Draining              Necromancy                   3
   d - Regeneration                   Charms/Necromancy            3
   e - Animate Dead                   Necromancy                   4
   f - Control Undead                 Necromancy                   4
Miscellaneous
 e - a fan of gales
Comestibles
 f - 5 bread rations
 E - 2 meat rations
 F - a slice of pizza


   Skills:
 + Level 9.2 Fighting
 + Level 8.0 Maces & Flails
 + Level 9.1 Armour
 + Level 9.2 Shields


You had 9 spell levels left.
You didn't know any spells.

Dungeon Overview and Level Annotations

Branches:
Dungeon (10/15)            Temple (1/1) D:4            Lair (0/6) D:10
    Orc: D:9-12

Altars:
Ashenzari
Cheibriados
Dithmenos
Elyvilon
Fedhas
Gozag
Hepliaklqana
Kikubaaqudgha
Makhleb
Nemelex Xobeh
Okawaru
Qazlal
Ru
Sif Muna
Trog
Uskayaw
Vehumet
Xom
Zin
The Shining One

Shops:
D:5 %   D:8 =


Innate Abilities, Weirdness & Mutations

You are resistant to torment.
Your stone body is resilient. (AC +7)
You are immune to poison.
You resist negative energy. (rN+)
You are resistant to electric shocks. (rElec)
You can survive without breathing.
You are immune to petrification.
You are immune to rotting.


Message History

The hill giant hits you with a giant club.
You sock the hill giant!
The hill giant is moderately wounded.
The hill giant hits you but does no damage.
You barely miss the hill giant.
The hill giant is moderately wounded.
The hill giant barely misses you.
You feel very mighty all of a sudden.
The hill giant hits you with a giant club!!
You hit the hill giant.
The hill giant is moderately wounded.
You barely miss the hill giant.
The hill giant is moderately wounded.
The hill giant hits you with a giant club!
* * * LOW HITPOINT WARNING * * *
You sock the hill giant!
The hill giant is heavily wounded.
The hill giant hits you with a giant club!!!
Ouch! That really hurt!
You die...

.............#.#...#..##......#..
.............#.###.#..##..##..#..
.............#...................
#............#.###........##.#...
#........#+#.#.###...............
#........#.#......#..............
......#+##.#..........##.........
#..........#.....................
...........#...C@....#...........
#...#......#.........#.....###...
#...#......#.#.#...........###...
#..............#.#...............
...............#.#...............
........#........................
#....#..#.....................##.
#....#..#........................
...###..................#..##....


You could see a hill giant.

Vanquished Creatures
  A hippogriff (D:8)
  5 yaks
  Eustachio (D:6)
  A hungry ghost (D:10)
  Menkaure (D:5)
  A water moccasin (D:8)
  3 sky beasts
  An orc warrior (D:7)
  An ice beast (D:10)
  A phantom (D:5)
  3 centaurs
  4 ogres
  A big kobold (D:7)
  An elf zombie (Ossuary)
  Blork the orc (D:4)
  2 gnoll sergeants
  4 bullfrogs
  A wyvern zombie (D:5)
  A wyvern skeleton (D:9)
  2 scorpions
  7 wights
  6 crimson imps
  A bullfrog zombie (D:6)
  3 centaur zombies (Ossuary)
  A quasit (D:8)
  2 orc priests
  6 hounds
  3 jellies
  A centaur skeleton (D:4)
  An iguana (D:5)
  A worker ant (D:7)
  11 orc wizards
  2 ogre zombies (Ossuary)
  7 mummies (Ossuary)
  6 gnolls
  3 river rats (Sewer)
  17 adders
  A howler monkey skeleton (D:8)
  A shadow imp (D:7)
  4 oozes
  5 adder zombies
  2 adder skeletons (D:4)
  3 worms
  4 dart slugs
  9 leopard geckos
  35 orcs
  18 ball pythons
  13 giant cockroaches
  A gnoll zombie (Ossuary)
  10 goblins
  8 hobgoblins
  2 jackals (D:1)
  A quokka (D:4)
  11 bats
  4 frilled lizards
  4 hobgoblin zombies (Ossuary)
  A jackal skeleton (D:5)
  14 kobolds
  5 kobold zombies (Ossuary)
  6 quokka zombies
  32 rats
  5 rat zombies (Ossuary)
313 creatures vanquished.

Vanquished Creatures (others)
  An orc priest (D:10)
1 creature vanquished.

Grand Total: 314 creatures vanquished

Notes
Turn   | Place    | Note
-------+----------+-------------------------------------------
     0 | D:1      | sleepydude the Gargoyle Fighter began the quest for the Orb.
     0 | D:1      | Reached XP level 1. HP: 14/14 MP: 1/1
    57 | D:1      | Reached XP level 2. HP: 17/19 MP: 2/2
   413 | D:1      | Reached XP level 3. HP: 16/24 MP: 3/3
   883 | D:2      | Found a shadowy altar of Dithmenos.
   886 | D:2      | Reached XP level 4. HP: 29/29 MP: 4/4
  1356 | D:3      | Reached XP level 5. HP: 4/34 MP: 5/5
  2147 | D:3      | Reached XP level 6. HP: 40/40 MP: 6/6
  2305 | D:3      | Reached skill level 5 in Fighting
  2469 | D:4      | Noticed Blork the orc
  2478 | D:4      | Killed Blork the orc
  2539 | D:4      | Found a white marble altar of Elyvilon.
  2539 | D:4      | Found an opulent altar of Gozag.
  2544 | D:4      | Found a faded altar of an unknown god.
  2546 | D:4      | Found a faded altar of an unknown god.
  2548 | D:4      | Found a faded altar of an unknown god.
  2571 | D:4      | Found a staircase to the Ecumenical Temple.
  2577 | Temple   | Entered the Ecumenical Temple
  2825 | D:4      | Reached skill level 5 in Armour
  3412 | D:5      | Entered Level 5 of the Dungeon
  3414 | D:5      | Noticed a sky beast
  3435 | D:5      | Killed a sky beast
  3435 | D:5      | Reached skill level 5 in Shields
  3435 | D:5      | Reached XP level 7. HP: 41/44 MP: 7/7
  3480 | D:5      | Found a blossoming altar of Fedhas.
  3618 | D:5      | Noticed Menkaure
  3623 | D:5      | Killed Menkaure
  3676 | D:5      | Reached XP level 8. HP: 50/51 MP: 8/8
  3737 | D:5      | Found a glowing drain.
  3763 | Sewer    | Entered a sewer
  4188 | Sewer    | Reached skill level 5 in Maces & Flails
  4547 | D:5      | Found Enoasael's Food Shoppe.
  5358 | D:6      | Reached XP level 9. HP: 57/57 MP: 9/9
  5715 | D:6      | Noticed Eustachio
  5759 | D:6      | Killed Eustachio
  5813 | D:6      | Found an iron altar of Okawaru.
  5842 | D:6      | Became a worshipper of Warmaster Okawaru
  6233 | D:7      | Got a translucent ring mail
  6249 | D:7      | Identified the +1 ring mail of the Depths {+Inv rF- Dex+6 Stlth+} (You found it on level 7 of the Dungeon)
  6398 | D:7      | Reached * piety under Okawaru
  7020 | D:7      | Found a deep blue altar of Sif Muna.
  7116 | D:7      | You fall through a shaft for 3 floors!
  7116 | D:10     | Entered Level 10 of the Dungeon
  7142 | D:10     | Found a staircase to the Lair.
  7198 | D:10     | Noticed a hornet
  7240 | D:10     | Gained mutation: Your body sometimes deteriorates upon taking damage. [potion of mutation]
  7240 | D:10     | Gained mutation: Your muscles are strong. (Str +2) [potion of mutation]
  7240 | D:10     | Gained mutation: Your muscles are very strong. (Str +4) [potion of mutation]
  7241 | D:10     | Lost mutation: Your muscles are very strong. (Str +4) [potion of cure mutation]
  7241 | D:10     | Lost mutation: Your body sometimes deteriorates upon taking damage. [potion of cure mutation]
  7241 | D:10     | Lost mutation: Your muscles are strong. (Str +2) [potion of cure mutation]
  7252 | D:10     | Reached ** piety under Okawaru
  7296 | D:10     | Reached XP level 10. HP: 32/64 MP: 10/10
  8011 | D:8      | Found a sand-covered staircase.
  8018 | Ossuary  | Entered an ossuary
  8025 | Ossuary  | Reached *** piety under Okawaru
  8865 | D:8      | Found a radiant altar of Vehumet.
  9170 | D:8      | Found Zasmimau's Jewellery Shop.
  9427 | D:8      | Noticed a hill giant
  9440 | D:8      | Annihilated by a hill giant

Skill      XL: |  1  2  3  4  5  6  7  8  9 10 |
---------------+-------------------------------+-----
Fighting       | 4 5 6 7 8 9 |  9.2
Armour         | 4 5 6 8 9 |  9.1
Shields        | 4 5 6 8 9 |  9.2
Maces & Flails | 3 4 5 7 8 |  8.0

Action                   |  1- 3 |  4- 6 |  7- 9 | 10-12 || total
-------------------------+-------+-------+-------+-------++-------
Melee: Flail             |   135 |   145 |       |       ||   280
       Mace              |       |    92 |   579 |   395 ||  1066
  Use: Potion            |       |     1 |     8 |     1 ||    10
       Scroll            |       |    10 |     7 |     1 ||    18
  Eat: Chunk             |       |     1 |    15 |    15 ||    31
       Bread ration      |       |     2 |       |       ||     2
       Pizza             |       |       |     1 |       ||     1
Armor: Scale mail        |   108 |   122 |       |       ||   230
       Chain mail        |       |    22 |   432 |   138 ||   592
       Quicksilver drago |       |       |       |     1 ||     1
Dodge: Dodged            |    62 |    54 |   107 |    79 ||   302
Block: Shield            |    90 |    96 |       |       ||   186
       Large shield      |       |    73 |   673 |   311 ||  1057
